[Event "Turkish Youth Championships 2023"]
[Site "Samsun"]
[Date "2023.05.21"]
[Round "4.17"]
[White "Cirkin, Osman Turan"]
[Black "Yuksel, Fatih Canberk"]
[Result "1/2-1/2"]
[WhiteElo "1200"]
[BlackElo "1599"]
[Annotator "COMBH"]
[PlyCount "152"]
[EventDate "2023.05.19"]
[EventType "swiss"]
[EventCountry "TUR"]
[TimeControl "5400+30"]
[WhiteClock "0:18:04"]

1. d4 Nf6 2. Nf3 e6 3. Bf4 d5 4. e3 c5 5. c3 Nc6 6. Nbd2 Bd6 7. Bg3 O-O 8. Bd3 Re8 9. Ne5 Qc7 10. f4 Ne7 11. O-O Ng6 12. Qf3 a6 13. h4 Nd7 14. h5 Ngf8 15. Bh4 f5 16. g4 Nf6 17. gxf5 exf5 18. Kh1 Ne4 19. Bxe4 fxe4 20. Qg3 cxd4 21. cxd4 Bxe5 22. fxe5 Qd7 23. Rac1 Qh3+ 24. Qxh3 Bxh3 25. Rg1 Rac8 26. Kh2 Bd7 27. Nb3 b6 28. Bf6 g6 29. hxg6 Nxg6 30. Rg2 Rxc1 31. Nxc1 Rc8 32. Ne2 Kf7 33. Nc3 Ke6 34. Kg3 b5 35. a3 a5 36. Ne2 b4 37. axb4 axb4 38. Nf4+ Nxf4 39. Kxf4 Rc1 40. Bg7 Be8 41. Kg3 Bh5 42. Bf8 b3 43. Rh2 Bg6 44. Bb4 h5 45. Rf2 Bf5 46. Rg2 Bg4 47. Kh4 Kf5 48. Kg3 Rh1 49. Rh2 Rg1+ 50. Rg2 h4+ 51. Kh2 Rc1 52. e6 Rc2 53. e7 Bh5 54. Kh3 Rxg2 55. Kxg2 Kg4 56. Bd6 Be8 57. Bh2 Bd7 58. Bd6 Kg5 59. Kh2 h3 60. e8=Q Bxe8 61. Kxh3 Kf5 62. Kg3 Ke6 63. Bb4 Kd7 64. Kf4 Kc6 65. Ke5 Bf7 66. Kf4 Kb5 67. Bc3 Kc4 68. Kg3 Kd3 69. Kf2 Bh5 70. Bb4 Bd1 71. Bc3 Bf3 72. Bb4 Kc2 73. Bc3 Bh5 74. Ke1 Kc1 75. Kf2 Kd1 76. Bb4 Kc2 1/2-1/2

[Event "Turkish Youth Championships 2023"]
[Site "Samsun"]
[Date "2023.05.22"]
[Round "4.18"]
[White "Zerey, Demhat"]
[Black "Simsek, Ayaz"]
[Result "1-0"]
[ECO "C14"]
[WhiteElo "1710"]
[BlackElo "1474"]
[Annotator "NA COMBH"]
[PlyCount "109"]
[EventDate "2023.05.19"]
[EventType "swiss"]
[EventCountry "TUR"]
[SourceTitle "playchess.com"]
[Source "ChessBase"]
[SourceQuality "1"]
[TimeControl "5400+30"]

1. e4 e6 2. d4 d5 3. Nc3 Nf6 4. Bg5 Be7 5. e5 Nfd7 6. h4 h6 7. Bxe7 Qxe7 8. Qg4 O-O 9. f4 c5 10. Nf3 Nc6 11. O-O-O cxd4 12. Nxd4 Nc5 13. Qf3 f6 14. Qe3 fxe5 15. fxe5 Nd7 16. Nxc6 bxc6 17. Bd3 Qb4 18. Rdf1 Rb8 19. b3 c5 20. Nxd5 exd5 21. e6 Ba6 22. exd7 Bxd3 23. Qxd3 Qb7 24. Qh3 Qa6 25. Rxf8+ Rxf8 26. Qf3 Qd6 27. Qg4 Rd8 28. Re1 Qxd7 29. Qh5 Qd6 30. g4 c4 31. g5 Rf8 32. Kb1 cxb3 33. axb3 Rd8 34. gxh6 Qxh6 35. Qxh6 gxh6 36. Re6 Kg7 37. Ra6 Rd7 38. Kc1 d4 39. Kd2 h5 40. Kd3 Kh7 41. Ra4 Kg6 42. Rxd4 Re7 43. Rd5 Re1 44. Rg5+ Kh6 45. Ra5 Rh1 46. Ra6+ Kg7 47. Rxa7+ Kf6 48. Ra4 Rh3+ 49. Kd2 Rh1 50. Rc4 Rh2+ 51. Kc3 Rh3+ 52. Kb4 Rg3 53. Kc5 Kf5 54. b4 Rg4 55. b5 1-0

[Event "Turkish Youth Championships 2023"]
[Site "Samsun"]
[Date "2023.05.21"]
[Round "4.19"]
[White "Balci, Ahmet Hakan"]
[Black "Kurtyilmaz, Kuzey"]
[Result "0-1"]
[WhiteElo "1295"]
[BlackElo "1608"]
[Annotator "COMBH"]
[PlyCount "88"]
[EventDate "2023.05.19"]
[EventType "swiss"]
[EventCountry "TUR"]
[TimeControl "5400+30"]
[WhiteClock "0:47:00"]

1. e4 c6 2. d4 d5 3. exd5 cxd5 4. Nf3 Nf6 5. Bd3 g6 6. O-O Bg7 7. Bf4 O-O 8. Re1 Nc6 9. c3 Nh5 10. Bg3 f6 11. Qc2 Nxg3 12. hxg3 e5 13. Bb5 e4 14. Nfd2 f5 15. Nb3 a6 16. Bxc6 bxc6 17. Nc5 f4 18. gxf4 Rxf4 19. Nd2 Qg5 20. Nf1 Bh3 21. Ng3 Raf8 22. Rf1 Bc8 23. Rae1 h5 24. Re3 h4 25. Ne2 Rxf2 26. Rxf2 Qxe3 27. Nc1 Rxf2 28. Qxf2 Qxc1+ 29. Kh2 Bh6 30. Qxh4 Qf4+ 31. Qxf4 Bxf4+ 32. Kg1 Bc1 33. b3 Bd2 34. c4 Be3+ 35. Kf1 Bxd4 36. Na4 e3 37. Ke1 Bg4 38. g3 Kf7 39. a3 Kf6 40. Kf1 e2+ 41. Ke1 Ke5 42. cxd5 cxd5 43. b4 Ke4 44. Kd2 Ke5 0-1

[Event "Turkish Youth Championships 2023"]
[Site "Samsun"]
[Date "2023.05.22"]
[Round "5.2"]
[White "Isilak, Enes"]
[Black "Engin, Onur Cinar"]
[Result "0-1"]
[WhiteElo "2181"]
[BlackElo "1922"]
[Annotator "TA"]
[PlyCount "66"]
[EventDate "2023.05.19"]
[EventType "swiss"]
[EventCountry "TUR"]
[TimeControl "5400+30"]

1. d4 d5 2. c4 c6 3. Nf3 Nf6 4. Nc3 dxc4 5. a4 Bf5 6. e3 e6 7. a5 Na6 {[%emt 0:14:00] 7...Nbd7 is a critical line. D18: Slav Defence: 5 a4 Bf5 6 e3.} (7... Bb4 $11 {might be stronger.}) 8. Bxc4 $14 Nb4 9. O-O Bd6 {[%emt 0:05:30] White is slightly better.} 10. Qe2 Ne4 11. Nd2 Nxd2 (11... Qh4 $2 12. g3 Nxc3 13. bxc3 $18) 12. Bxd2 {[%emt 0:00:30][%cal Bc1d2,Bd2e3,Be3f2][%mdl 32] [#]} O-O $146 (12... Qh4 13. g3 Qe7 14. f3 $16) ({Predecessor:} 12... Bg6 13. Ra4 Bc2 14. b3 O-O 15. e4 b5 16. axb6 axb6 17. Rxa8 Qxa8 18. Na4 b5 19. Bxb4 Bxb4 20. Qxc2 bxa4 21. bxa4 {½-½ Podolchenko,E (2398)-Budkovsky,D (2042) BLR-chT Minsk 2017 (1.2)}) 13. e4 Bg6 14. Be3 Qe7 15. f4 c5 (15... Kh8 $11) 16. e5 $16 Bc7 17. dxc5 Nc2 (17... a6 $16) 18. Ra4 $18 a6 (18... Nxe3 $142 19. Qxe3 a6) 19. Bf2 Rad8 {[%emt 0:02:55][%cal Ba8d8,Bd8d2,Bd2c2,Bc2c1,Bc1h1][%mdl 32] Prevents Bd3.} 20. Bb3 Bd3 {[%emt 0:00:39] [#]} 21. Qf3 Bxf1 22. Kxf1 Rd2 23. Qe4 $1 (23. Qxb7 $2 Rb8 24. Qxa6 Rxb3 25. Qa8+ Bb8 $19) 23... f6 {[%emt 0:04:20] [#]} 24. Bxc2 $2 {[%emt 0:05:30] This pair of bishops is nice.} (24. exf6 $1 $18 Qxf6 25. Bxc2 Bxf4 26. Qxh7+ Kf7 27. Kg1) 24... f5 $11 {[%emt 0:00:34][%mdl 64] Deflection} 25. Qc4 (25. Qxb7 $11 {and White is okay.} Rb8 26. Qxa6 Rxc2 27. Be1 Qxc5 28. Qxe6+ Kh8 29. Qa6 (29. Qxf5 $2 Rxc3 {[%mdl 64] Remove Defender} 30. Bxc3 Qb5+ 31. Kf2 Qxa4 $19)) 25... Rxc2 $40 {[%emt 0:01:00][%mdl 128] Black wants a kill.} 26. Qb3 Rc1+ 27. Ke2 Rd8 (27... Rb8 $19 {and Black stays clearly on top.} 28. Rd4 Qe8) 28. Be3 $17 {[%emt 0:02:13] [#]} Rh1 {[%emt 0:00:19] Hoping for ...Rb8. The board is on fire. Black is more active.} 29. h3 $2 (29. Qxb7 $17 {only move.} Rxh2 30. Qc6) 29... Qf7 $2 ({Don't blunder} 29... Qd7 $2 30. Rd4 Qc6 31. Rd6 Bxd6 32. Qxe6+ Kh8 33. cxd6 Qxg2+ 34. Kd3 Qf1+ 35. Kd4 $19) ({Weaker is} 29... Qh4 30. Qxe6+ Kh8 31. Rd4 (31. Bf2 $2 Qh5+ 32. Ke3 Rhd1 $19) 31... Qe1+ 32. Kd3 $16) (29... g5 $19 {And now ...h6 would win.} 30. Bf2 Qe8) 30. Rb4 $2 (30. Qxb7 $11 Rb8 31. Qxa6 Rxb2+ 32. Kd3) 30... Qh5+ {[%emt 0:00:52] Black mates.} 31. g4 Qxh3 32. Qxe6+ Kh8 33. Rd4 Qf1+ {[%emt 0:00:46] Black used his chance.   Weighted Error Value: White=0.54/Black=0.39} ({Don't do} 33... Bxa5 34. Rxd8+ {[%mdl 64] Remove Defender, Back Rank} Bxd8 35. Qe8#) 0-1

[Event "Turkish Youth Championships 2023"]
[Site "Samsun"]
[Date "2023.05.22"]
[Round "5.3"]
[White "Kavri, Yusuf Eren"]
[Black "Gungor, Cihan Akif"]
[Result "1-0"]
[WhiteElo "2029"]
[BlackElo "1771"]
[Annotator "RC"]
[PlyCount "241"]
[EventDate "2023.05.19"]
[EventType "swiss"]
[EventCountry "TUR"]
[TimeControl "5400+30"]
[BlackClock "0:07:10"]

1. d4 d5 2. c4 e6 3. Nc3 a6 4. cxd5 exd5 5. Nf3 Nf6 6. Bg5 Be6 7. e3 Nbd7 8. Bd3 Bd6 9. O-O c6 10. Qc2 Qc7 11. Rac1 O-O 12. a3 Rfe8 13. Ne2 Bg4 14. h3 Bh5 15. b4 Ne4 16. Bf4 Bg6 17. a4 Rac8 18. Qa2 Nb6 19. b5 a5 20. bxc6 bxc6 21. Ba6 Qe7 22. Bxc8 Rxc8 23. Bxd6 Nxd6 24. Ne5 Ndc4 25. Nxg6 hxg6 26. Rb1 Rd8 27. Rb3 Qc7 28. Nf4 g5 29. Nd3 Rd6 30. Ne5 Nxe5 31. dxe5 Re6 32. Qb1 c5 33. f4 gxf4 34. exf4 c4 35. Rb5 c3 36. Qd3 Rc6 37. Rc1 Rc4 38. f5 Nd7 39. Qxd5 c2 40. Rb7 Qxe5 41. Qxe5 Nxe5 42. Rb2 Rxa4 43. Rcxc2 Rf4 44. Ra2 Rxf5 45. Kh1 Nd3 46. Rc8+ Kh7 47. Ra8 g6 48. R8xa5 Rf1+ 49. Kh2 Kg7 50. R5a3 Ne5 51. Re2 Nc6 52. Rd3 Rf5 53. Kg3 Rg5+ 54. Kh2 Rc5 55. Rdd2 Rb5 56. Rb2 Rd5 57. Rb3 Rc5 58. Rf2 Rd5 59. Rb7 Ne5 60. Rfb2 Rd3 61. Re7 Re3 62. Rc7 Kg8 63. Ra2 Kg7 64. Kg1 Nd3 65. Raa7 Ne5 66. Kf2 Rb3 67. Re7 Kf6 68. Re8 Rb2+ 69. Kg3 Rb3+ 70. Kh2 Nc4 71. Ra6+ Kg7 72. h4 Ne3 73. Ra4 Nf1+ 74. Kg1 Ng3 75. Kf2 Nh1+ 76. Kg1 Ng3 77. Re1 Rd3 78. Ra7 Nf5 79. Rf1 Rd4 80. h5 Kh6 81. hxg6 fxg6 82. Ra6 Kg5 83. Rb1 Rg4 84. Rb5 Kh5 85. Rba5 Kg5 86. Ra4 Rg3 87. Ra3 Rg4 88. R6a4 Nd4 89. g3 Re4 90. Kg2 Kf5 91. Rd3 Ke5 92. Ra5+ Ke6 93. Kh3 Kf6 94. Rd1 Nf5 95. Ra3 Kg5 96. Rb1 Rc4 97. Rb6 Kh5 98. Rb8 Kg5 99. Rba8 Rc7 100. R8a6 Rb7 101. R3a4 Rh7+ 102. Kg2 Rb7 103. R6a5 Rb3 104. Kh2 Kh6 105. Rg4 Kh5 106. Kh3 Rb1 107. Rh4+ Kg5 108. Re4 Rb3 109. Rg4+ Kh5 110. Ra8 Nh6 111. Rh8 g5 112. Ra4 g4+ 113. Kg2 Rb6 114. Kf2 Re6 115. Rha8 Nf5 116. Rg8 Ne3 117. Ra1 Rf6+ 118. Kxe3 Rf3+ 119. Ke2 Rxg3 120. Rh1+ Rh3 121. Rh8+ 1-0

[Event "Turkish Youth Championships 2023"]
[Site "Samsun"]
[Date "2023.05.22"]
[Round "5.4"]
[White "Akbas, Umut Ata"]
[Black "Aydogdu, Cagatay"]
[Result "1-0"]
[WhiteElo "2417"]
[BlackElo "1856"]
[Annotator "TA"]
[PlyCount "67"]
[EventDate "2023.05.19"]
[EventType "swiss"]
[EventCountry "TUR"]
[TimeControl "5400+30"]

1. Nf3 g6 2. e4 c6 3. d4 d5 4. e5 Bg4 5. Nbd2 Bg7 6. Bd3 f6 {[%emt 0:03:30] B06: Modern Defence.} 7. h3 Bxf3 8. Nxf3 Nd7 {[%emt 0:00:00][%cal Rf6e5] White is better.} 9. exf6 {[%emt 0:02:30] [#]} exf6 $146 ({Predecessor:} 9... Ngxf6 10. O-O O-O 11. Ng5 Qb6 12. Ne6 Rf7 13. c3 c5 14. Qe2 cxd4 15. cxd4 Rc8 {1-0 Demchenko,A (2654)-Coto Mederos,M (2348) Titled Tuesday intern op 22 Mar Early blitz 2022 (4)}) 10. O-O Ne7 11. Re1 O-O 12. Bf4 Re8 13. Re3 Nf8 14. Qe2 {[%emt 0:15:30] Threatens to win with Re1.} Qd7 {[%emt 0:00:30] Black is weak on the dark squares} 15. Re1 Kf7 16. Nd2 Rad8 17. Nb3 {[%emt 0:05:00] Strongly threatening Nc5.} b6 {[%emt 0:00:30] Dodges Nc5} 18. a4 (18. h4 {simplifies} Nc8 19. c4 Rxe3 20. Bxe3 Ne7 21. h5) 18... Nc8 $1 19. a5 (19. c4 {simplifies} Rxe3 20. Bxe3 Ne7 21. Nd2) 19... Ne6 20. Qg4 Re7 21. Bh2 Rde8 22. c3 c5 (22... Nd6 $11) 23. dxc5 $1 $16 (23. axb6 $6 c4 24. b7 (24. bxa7 Nxa7 25. Bc2 cxb3 $17) 24... Qxb7 25. Rxe6 (25. Na5 $2 Qb5 $19) 25... Qxb3 26. Rxe7+ Rxe7 27. Rxe7+ Nxe7 $11) 23... bxc5 24. c4 $1 {[%emt 0:00:23] White has more active pieces.} d4 {[%emt 0:00:50] [#]} 25. R3e2 Qb7 {[%emt 0:01:01] Repels Qf3} 26. Nc1 (26. Rxe6 Qxb3 27. Rxe7+ Rxe7 28. Rxe7+ Nxe7 $11) (26. Nd2 $16) 26... Qa6 $2 {[%emt 0:00:20] [#]} (26... f5 $11 27. Qh4 (27. Bxf5 gxf5 28. Qxf5+ Kg8 $17) 27... h6) 27. b4 $1 $18 {[%emt 0:02:40][%mdl 512] Hoping for Nb3.} cxb4 (27... Bf8 28. Bg3) 28. Nb3 (28. c5 $18 {is more deadly.} Qc6 29. Bc4) 28... f5 $2 {[%emt 0:03:39][%mdl 8192] [#] A mistake that costs the game.} (28... Nd8 $16 {is more resistant.}) 29. Qf3 $1 {[%emt 0:00:09] And now c5 would win.} (29. Bxf5 $2 gxf5 30. Qxf5+ Kg8 $19) 29... Ng5 (29... Qb7 $142 30. Qxb7 Rxb7 31. Rxe6 {[%mdl 64] Remove Defender} Rxe6 32. Rxe6 Kxe6) 30. Qd5+ Kf8 31. Nc5 {[%emt 0:00:48] White threatens Nd7+ and mate.} ({Less strong is} 31. Nxd4 Qf6 32. Nb3 (32. Rxe7 Nxe7 33. Rxe7 Rxe7 $11) 32... Rxe2 33. Rxe2 Rxe2 34. Bxe2 Qb2 $14) 31... Nb6 32. axb6 {[%emt 0:00:40] White wants to mate with Nd7+.} Qc8 {[%emt 0:00:27] Repels Nd7+} 33. Rxe7 Rxe7 34. Bd6 {[%emt 0:00:00][%mdl 64] Pin. An entertaining game by Akbas.   Weighted Error Value: White=0.15 (very precise) /Black=0.72} 1-0

[Event "Turkish Youth Championships 2023"]
[Site "Samsun"]
[Date "2023.05.22"]
[Round "5.5"]
[White "Ozgun, Yigit Deniz"]
[Black "Tarlabasi, Emirhan"]
[Result "1/2-1/2"]
[WhiteElo "1747"]
[BlackElo "2300"]
[Annotator "TA"]
[PlyCount "116"]
[EventDate "2023.05.19"]
[EventType "swiss"]
[EventCountry "TUR"]
[TimeControl "5400+30"]

1. d4 d5 2. Nc3 Nf6 3. Bf4 e6 4. e3 a6 5. g4 Bb4 6. Nge2 {[%emt 0:01:30] D00: 1 d4 d5: Unusual lines.} Ne4 {[%emt 0:21:30][%cal Oe6e5] Strongly threatening ...e5!} 7. a3 Qh4 8. Bg3 Nxg3 9. fxg3 Bxc3+ 10. Nxc3 Qg5 11. Qf3 {[%emt 0:01:30] [#]} h5 $146 ({Predecessor:} 11... O-O 12. Bd3 e5 13. Nxd5 Nc6 14. h3 exd4 15. O-O Ne5 16. Qf4 Qxf4 17. exf4 Nxd3 18. Nxc7 {1-0 Liu,Y (2303)-Rodgers,J (2034) Oceania zt 3.6 2023 (3)}) 12. gxh5 Qxh5 13. Qf4 (13. Qxh5 {simplifies} Rxh5 14. h4 Rh8 15. g4) 13... Nd7 14. Be2 ({Don't play} 14. Qxc7 Qf3 15. Rg1 Qxe3+ 16. Ne2 Rxh2 $17) 14... Qh6 15. O-O-O c5 16. dxc5 Nxc5 (16... Qxf4 $1 $11 17. gxf4 (17. exf4 Nxc5 18. f5 Ne4 $11) 17... Nxc5) 17. Qd4 $16 {[%emt 0:01:30] White has more active pieces.} b6 18. Kb1 (18. Rhf1 $16) 18... O-O 19. h4 Bb7 20. Bf3 Rfe8 21. Qf4 Rad8 22. g4 {[%emt 0:00:30] Hoping for g5.} Qxf4 23. exf4 Ne4 (23... d4 $5 24. Bxb7 dxc3 $11) 24. Nxe4 dxe4 25. Bg2 f5 26. gxf5 exf5 27. Bh3 Bc8 (27... g6 $5 28. Rxd8 Rxd8 $15) 28. Kc1 Kf7 29. Bf1 b5 30. Be2 Be6 31. Bh5+ g6 32. Be2 Bc4 (32... Kf6 $15 {is superior.}) 33. Bxc4+ $11 bxc4 34. h5 Rxd1+ 35. Kxd1 {[%emt 0:00:00][%mdl 4096] Endgame KR-KR} Rd8+ 36. Ke2 Rb8 37. hxg6+ Kxg6 38. Kd2 Rxb2 39. Ra1 {[%emt 0:01:30] Inhibits Ra2.} Kh5 ({Better is} 39... Rb8 $17) 40. Kc3 Rb8 (40... Rb6 $5 41. Kd4 Kh4 $11) 41. Rg1 Rd8 42. Kxc4 Kh4 43. Kc3 {[%emt 0:00:30] [#]} Rd5 ({Black should try} 43... Kh3 $1 $17) 44. Rg6 a5 {[%emt 0:00:27] aiming for ...a4.} 45. Rg1 $2 {[%emt 0:00:30] [#]} (45. a4 $1 $11 {and White has nothing to worry.}) 45... Rd8 $2 ({Black should play} 45... a4 $1 $19 46. Kb4 Rd4+ 47. c4 e3) 46. a4 $1 {[%emt 0:00:30] The position is equal.} e3 47. Re1 Kg3 48. Rxe3+ Kxf4 49. Re7 Kf3 50. Kc4 Rf8 51. Kb5 f4 52. c4 Kf2 53. c5 {[%emt 0:00:30][%cal Oc5c6] c6! is the strong threat.} f3 54. Kxa5 {[%emt 0:01:59] c6 would be deadly.} Kf1 {[%emt 0:00:30] White must now prevent ...f2.} 55. Rh7 f2 {[%emt 0:01:00] ( -> ...Kg2)} 56. Rh2 Ra8+ 57. Kb5 Rb8+ 58. Ka6 Ra8+ {[%emt 0:00:04] Weighted Error Value: White=0.12 (very precise) /Black=0.13 (very precise)} 1/2-1/2

[Event "Turkish Youth Championships 2023"]
[Site "Samsun"]
[Date "2023.05.22"]
[Round "5.6"]
[White "Coskun, Emre"]
[Black "Angun, Batu"]
[Result "1/2-1/2"]
[WhiteElo "1750"]
[BlackElo "2205"]
[Annotator "TA"]
[PlyCount "59"]
[EventDate "2023.05.19"]
[EventType "swiss"]
[EventCountry "TUR"]
[TimeControl "5400+30"]

1. e4 c5 2. Nc3 Nc6 3. g3 g6 4. Bg2 Bg7 5. d3 d6 6. f4 e6 7. Nf3 Nge7 8. O-O O-O 9. Be3 b6 10. d4 d5 11. exd5 exd5 (11... Nf5 {feels hotter.} 12. Bf2 Ncxd4 13. Ne5 exd5 14. Nxd5 Be6) 12. Bf2 {[%emt 0:01:30] B25: Closed Sicilian: 3 g3, lines without early Be3.} (12. dxc5 $5 Bg4 13. Bf2 $11) 12... Nf5 {[%emt 0:19:30][%cal Rc5d4] [#]} 13. Nxd5 $146 ({Predecessor:} 13. dxc5 d4 14. Ne4 Rb8 15. cxb6 Qxb6 16. Rb1 Be6 17. b3 Ne3 18. Bxe3 dxe3 19. Qe2 Nb4 {0-1 Landaw,J (2340)-Neiksans,A (2600) Titled Tuesday intern op 2nd June blitz 2015 (7)}) 13... Be6 ({Don't take} 13... Qxd5 14. Ne5 Qd6 15. Bxc6 $16) 14. c4 (14. Ne5 $5 Ncxd4 15. c4 $11) 14... Ncxd4 15. Ng5 Rc8 (15... Bxd5 {is interesting.} 16. Bxd5 Rc8 17. Rb1 h6) 16. Nxe6 fxe6 17. Nc3 Qc7 18. Qa4 Ne7 19. Rae1 Rce8 20. Re4 Nec6 21. Be3 Re7 22. Bc1 Ref7 23. Rfe1 Kh8 24. Qd1 Rd8 25. Bh3 Kg8 26. Bg2 Kh8 27. Bh3 Kg8 (27... Nb4 $5 28. Rf1 Nf5 $15) 28. Bg2 Kh8 29. Bh3 Kg8 30. Bg2 {[%emt 0:00:00] Weighted Error Value: White=0.15 (very precise) /Black=0.21 (precise)} 1/2-1/2

[Event "Turkish Youth Championships 2023"]
[Site "Samsun"]
[Date "2023.05.22"]
[Round "5.7"]
[White "Eroz, Enis"]
[Black "Biyiksiz, Ali Batuhan"]
[Result "1-0"]
[WhiteElo "1830"]
[BlackElo "2107"]
[Annotator "TA"]
[PlyCount "111"]
[EventDate "2023.05.19"]
[EventType "swiss"]
[EventCountry "TUR"]
[TimeControl "5400+30"]

1. e4 c5 2. Nf3 e6 3. c3 d5 4. exd5 Qxd5 5. Be2 Nf6 6. d4 Be7 7. Na3 (7. c4 $5 Qd8 8. Nc3 $11) 7... O-O {[%emt 0:01:30] B22: Sicilian: 2 c3.} 8. Nb5 {[%emt 0:02:30] Threatens to win with Nc7.} Na6 {[%emt 0:00:30] Dodges Nc7} (8... Qc6 $11 {was preferrable.}) 9. Be3 cxd4 {[%emt 0:06:30] The position is equal.} 10. Qxd4 Bc5 11. Qxd5 Nxd5 {[%emt 0:00:00] [#]} 12. Bd2 $146 ({Predecessor:} 12. Bxc5 Nxc5 13. O-O a6 14. Nbd4 Nf4 15. Bc4 b5 16. Bb3 Nfd3 17. Rab1 Bb7 18. Bc2 {1-0 Kisova,P (2145)-Kovats,B Ingrid Larsen Memorial (Women) 1991}) 12... Nac7 13. Nxc7 Nxc7 14. O-O f6 15. b4 Be7 16. c4 e5 17. Rfd1 Be6 18. a3 Rfd8 19. Be3 Rxd1+ 20. Rxd1 g5 21. Nd2 f5 (21... g4 $11) 22. Nf3 $16 f4 23. Bc5 Bxc5 24. bxc5 Bg4 25. h3 Bh5 26. Kf1 {[%emt 0:00:30] White is more active.} Ne6 27. Nxe5 Bxe2+ 28. Kxe2 Nxc5 {[%emt 0:00:30][%mdl 4096] Endgame KRN-KRN} 29. Kf3 Kg7 30. Rd5 Rc8 (30... b6 $16) 31. Kg4 $1 $18 h6 32. h4 (32. Kh5 $1 $16) 32... Ne4 {[%emt 0:02:30] Repels Rd6} ({Black should play} 32... gxh4 $1 $14 33. Kxf4 Rf8+ 34. Kg4 Ne4 35. Rd7+ (35. Kxh4 Rf4+ 36. Kh3 Nxf2+ 37. Kg3 Rf5 $11) 35... Kg8 36. Rxb7 (36. Kxh4 Rf4+ 37. Kh3 Nxf2+ 38. Kg3 Rf5 $14) 36... Rxf2) 33. hxg5 hxg5 {[%emt 0:00:30] [#]} 34. Kf5 Nf6 {[%emt 0:01:30] Wards off Rd7+. This move loses the game for Black.} (34... Nxf2 $16 35. Kxg5 Ne4+ 36. Kxf4 Nc5) 35. Rb5 b6 36. Kxg5 Rf8 (36... Ne4+ $142 37. Kxf4 Nxf2) 37. Kxf4 Nd5+ {[%emt 0:00:01] [#]} (37... a6 $2 38. Rb2 $18 (38. Rxb6 $2 {too greedy.} Nd5+ 39. Ke4 Nxb6 $19)) 38. Kg4 $1 Nf6+ 39. Kh3 Rh8+ 40. Kg3 Ne4+ 41. Kf3 Nc3 (41... Nc5 $142 42. Rb1 Kf6) 42. Rb3 Rf8+ 43. Kg4 Ne4 44. f4 Rd8 45. Kf5 Nd6+ 46. Ke6 {[%emt 0:00:30] Rd3 is the strong threat.} Ne4 47. Re3 Re8+ 48. Kd7 Nf6+ 49. Kd6 Rc8 (49... Rd8+ $142 50. Kc6 Re8) 50. Rg3+ Kh7 51. Ke6 Ne4 52. Re3 Nc5+ 53. Kf7 Rc7+ 54. Kf6 Rc8 55. f5 Re8 56. Kf7 {[%emt 0:00:30] Weighted Error Value: White=0.10 (very precise) /Black=0.30} 1-0

[Event "Turkish Youth Championships 2023"]
[Site "Samsun"]
[Date "2023.05.22"]
[Round "5.8"]
[White "Turker, Esat Tuna"]
[Black "Temizer, Umut"]
[Result "0-1"]
[WhiteElo "1713"]
[BlackElo "1973"]
[Annotator "TA"]
[PlyCount "139"]
[EventDate "2023.05.19"]
[EventType "swiss"]
[EventCountry "TUR"]
[TimeControl "5400+30"]

1. d4 d5 2. c4 e6 3. cxd5 exd5 4. Nc3 c6 5. Qc2 Nf6 6. Bg5 Be7 7. e3 Nbd7 8. Bd3 Nh5 9. Bxe7 Qxe7 10. Nge2 g6 11. O-O O-O 12. Rfe1 {[%emt 0:00:30] D36: Queen's Gambit Declined: Exchange Variation: Main line (5 Bg5 c6 6 Qc2).} Ndf6 13. Nf4 {[%emt 0:03:30] [#]} Ng7 $146 ({Predecessor:} 13... Qd6 14. Nxh5 Nxh5 15. Rad1 f5 16. Ne2 Bd7 17. g3 Rae8 18. Nf4 Nf6 19. Bf1 Kg7 {0-1 Shtereva,S (2095)-Velcheva,M (2317) BUL-ch (Women) 53rd 2004 (4)}) 14. a4 {[%emt 0:06:30] The position is equal.} Bf5 15. a5 a6 16. Na4 Rad8 17. Nc5 Bc8 18. Qb3 Rd6 19. Ra4 (19. Rac1 $142) 19... Nd7 (19... Ng4 $1 $11) 20. Nxb7 $16 Bxb7 21. Qxb7 Rb8 22. Qxa6 (22. Qa7 $16) 22... c5 (22... g5 $1 $14) 23. Qa7 c4 {[%emt 0:00:00] [#]} 24. Be2 (24. Nxd5 $1 $16 Rxd5 25. Bxc4 (25. Rxc4 Ne8 $14)) 24... Qd8 $11 25. Nxd5 {[%emt 0:19:18][%mdl 64] Remove Defender} Rxd5 26. Bxc4 ({Much worse is} 26. Rxc4 Rxa5 27. Qc7 Qxc7 28. Rxc7 Nf6 $15) 26... Ra8 $36 {[%emt 0:02:30][%mdl 2048] Black has some pressure.} 27. Qb7 Rdxa5 28. Rxa5 Rxa5 29. b4 Ra8 30. Rc1 Rb8 31. Qd5 Qe7 32. b5 {[%emt 0:02:57] [#]} (32. Bf1 $15) 32... Nf5 (32... Nb6 $1 $17 33. Qc6 Ne8) 33. Qf3 Nd6 {[%emt 0:03:30][%cal Ob8c8] Hoping for ...Rc8!} 34. Bf1 Nxb5 35. Qd5 Qe6 (35... Nd6 $142 36. Rc7 Rb2) 36. Qxe6 $17 fxe6 37. Rc6 Kf7 38. g3 Ke7 39. Bc4 Nd6 40. Be2 Rb2 41. Kf1 Rb6 (41... Nf6 $17 {White must now prevent ...Nde4.} 42. Rc7+ Kd8) 42. Rc7 Rb7 43. Rc6 (43. Rxb7 $15 Nxb7 44. f3) 43... Nf6 44. f3 (44. Rc2 $17) 44... Kd7 $19 45. Ra6 Nd5 46. e4 Nb4 47. Ra4 Nc6 48. d5 exd5 49. exd5 Ne7 50. Rh4 h5 51. g4 $2 (51. Rd4 {was worth a try.}) 51... Rb4 (51... Nxd5 $2 {too greedy.} 52. gxh5 Nf5 53. Ra4 gxh5 54. f4 $19) 52. Rh3 (52. Bd3 $142) 52... hxg4 (52... Nxd5 $142 53. Rh4 Nf4 54. gxh5 gxh5) 53. fxg4 Nxd5 54. Rh7+ Ke6 {[%emt 0:00:13] Strongly threatening ...Rb1+.} 55. h3 $2 (55. Bf3) 55... Nf4 (55... Rb1+ $142 56. Kg2 Rb2) 56. Bf3 Nf7 57. h4 Rb2 58. h5 $2 (58. g5) 58... Ng5 59. Ra7 $2 (59. Rb7 $19 Rd2 60. Rb6+ Ke7 61. Rb3) 59... Nxf3 {[%emt 0:00:30] Black mates.} 60. Ra6+ Kf7 61. hxg6+ Nxg6 62. g5 Nxg5 63. Ra5 Kf6 64. Ra4 Kf5 65. Rc4 Ne4 66. Rc8 Nf4 67. Rf8+ Kg4 68. Rg8+ Kf3 69. Kg1 Ng3 70. Rg4 {[%emt 0:00:46] Weighted Error Value: White=0.54/Black=0.33} 0-1